 Dungeon Crawl Stone Soup version 0.30.1-11-g7821555f0a (webtiles) character file.

Game seed: 17197254410153196527

8099 monsoonserge the Summoner (level 11, -15/50 HPs)
             Began as a Felid Summoner on Dec 15, 2023.
             Was an Initiate of Gozag.
             Killed by an exploding themself (38 damage)
             ... ignited by their inner flame
             ... on level 1 of the Orcish Mines.
             The game lasted 01:26:54 (13880 turns).

monsoonserge the Summoner (Felid Summoner)         Turns: 13880, Time: 01:26:55

Health: -15/50     AC:  6    Str:  4    XL:     11   Next: 5%
Magic:  20/24      EV: 22    Int: 28    God:    Gozag
Gold:   2691       SH:  0    Dex: 16    Spells: 10/26 levels left
                                        Lives:  0   Deaths: 2

rFire   . .          .
                       - Unarmed
rCold   . . .        (shield unavailable)
rNeg    . . .        (body armour unavailable)
rPois   .            (helmet unavailable)
rElec   .            (cloak unavailable)
rCorr   .            (gloves unavailable)
SInv    +            (boots unavailable)
Will    +....        l - amulet of magic regeneration
Stlth   +++          i - +4 ring of protection
HPRegen 0.28/turn    B - +6 ring of intelligence
MPRegen 0.59/turn

%: no passive effects
@: gold aura, quick
A: very small, claws 1, fangs 3, see invisible, speed 1, shaggy fur 2, stealthy
paws, no weapons or thrown items, no armour, multi-lived
a: Renounce Religion, Potion Petition, Call Merchant, Bribe Branch


You were on level 1 of the Orcish Mines.
You worshipped Gozag.
Gozag was most pleased with you.
You visited 4 branches of the dungeon, and saw 15 of its levels.
You also visited: Sewer and Bailey.

You collected 2710 gold pieces.
You paid 19 gold pieces to Gozag.

Inventory:

Jewellery
 i - a +4 ring of protection (left paw)
 l - an amulet of magic regeneration (around neck)
 w - a ring of magical power
 y - a ring of protection from fire
 B - a +6 ring of intelligence (right paw)
 K - a ring of flight
Wands
 f - a wand of iceblast (4)
 q - a wand of polymorph (9)
 H - a wand of charming (3)
 L - a wand of digging (8)
Scrolls
 b - 2 scrolls of butterflies
 c - 4 scrolls of fog
 d - 2 scrolls of immolation
 j - 2 scrolls of vulnerability
 k - 4 scrolls of magic mapping {unknown}
 n - a scroll of enchant weapon {unknown}
 s - 4 scrolls of teleportation
 t - 2 scrolls of amnesia
 u - a scroll of torment {unknown}
 v - a scroll of acquirement {unknown}
 z - 2 scrolls of blinking
 C - 2 scrolls of silence {unknown}
 E - 3 scrolls of fear {unknown}
Potions
 a - a potion of magic
 e - 2 potions of cancellation {unknown}
 g - 8 potions of curing {unknown}
 h - 4 potions of attraction
 m - a potion of resistance {unknown}
 o - 6 potions of haste
 p - a potion of invisibility {unknown}
 r - a potion of flight {unknown}
 x - 2 potions of lignification
 A - 2 potions of brilliance
 D - 2 potions of ambrosia {unknown}
 F - 3 potions of might {unknown}
 G - 3 potions of heal wounds
 I - a potion of experience {unknown}
 J - a potion of mutation {unknown}


   Skills:
 + Level 7.5 Fighting
 + Level 8.2 Dodging
 + Level 4.2 Stealth
 + Level 6.4 Unarmed Combat
 - Level 8.0 Spellcasting
 - Level 3.0 Hexes
 + Level 12.7 Summonings
 - Level 6.0 Air Magic
 - Level 3.0 Evocations


You had 10 spell levels left.
You knew the following spells:

 Your Spells              Type           Power      Damage    Failure   Level
a - Summon Small Mammal   Summ           100%       N/A       1%          1
b - Call Imp              Summ           100%       N/A       1%          2
c - Call Canine Familiar  Summ           70%        N/A       1%          3
d - Summon Guardian Gole  Hex/Summ       53%        N/A       1%          3
e - Summon Lightning Spi  Summ/Air       59%        N/A       1%          4
f - Swiftness             Air            44%        N/A       1%          3

Your spell library contained the following spells:

 Spells                   Type           Power      Damage    Failure   Level
 Static Discharge         Conj/Air       56%        2-5/arc   2%          2
 Apportation              Tloc           22%        N/A       4%          1
 Necrotise                Necr           44%        1d6       4%          1
 Ensorcelled Hibernation  Hex/Ice        38%        N/A       4%          2
 Vhi's Electric Charge    Tloc/Air       56%        N/A       4%          3
 Airstrike                Air            22%        2d(4-20)  4%          4
 Passwall                 Tmut/Erth      9%         N/A       8%          2
 Dazzling Flash           Conj/Hex       38%        N/A       8%          3
 Volatile Blastmotes      Fire/Tloc      22%        2d11      14%         3
 Silence                  Hex/Air        18%        N/A       22%         5
 Arcjolt                  Conj/Air       14%        1d24      36%         5
 Iskenderun's Mystic Bla  Conj/Tloc      11%        2d4       43%         4
 Manifold Assault         Tloc           11%        N/A       43%         4
 Passage of Golubria      Tloc           11%        N/A       43%         4
 Agony                    Necr           11%        N/A       80%         5
 Alistair's Intoxication  Tmut/Pois      7%         N/A       80%         5
 Summon Horrible Things   Summ           35%        N/A       87%         8
 Malign Gateway           Summ/Tloc      23%        N/A       97%         7
 Dispersal                Tloc           5%         N/A       100%        6
 Starburst                Conj/Fire      5%         6d4       100%        6
 Disjunction              Tloc           5%         N/A       100%        8
 Lehudib's Crystal Spear  Conj/Erth      5%         10d3      100%        8
 Maxwell's Capacitive Co  Air            22%        ∞         100%        8


Dungeon Overview and Level Annotations

Branches:
Dungeon (11/15)            Temple (1/1) D:6            Lair (2/5) D:9
    Orc (1/2) D:10          Sewer (visited)          Bailey (visited)
  Swamp: Lair:2-3    Shoals: Lair:2-3     Snake: Lair:2-3    Spider: Lair:2-3

Altars:
Ashenzari
Cheibriados
Dithmenos
Elyvilon
Fedhas
Gozag
Hepliaklqana
Kikubaaqudgha
Makhleb
Nemelex Xobeh
Okawaru
Qazlal
Ru
Sif Muna
Trog
Uskayaw
Vehumet
Wu Jian
Xom
Yredelemnul
Zin
The Shining One

Shops:
D:2 :   D:8 [

Annotations:
D:8 1 runed translucent door
D:9 1 runed translucent door, turdburglar's ghost, novice DsNe


Innate Abilities, Weirdness & Mutations

You have sharp claws.
You have razor-sharp teeth.
You have supernaturally acute eyesight. (SInv)
You cover ground quickly. (Speed+)
You are covered in thick fur. (AC +2)
Your paws help you pounce on unaware monsters.
You are incapable of wielding weapons or throwing items.
You cannot wear armour.
You gain extra lives every three experience levels.


Message History

Your cerulean imp hits the smoke demon but does no damage.
Something closely misses your cerulean imp.
Something hits your cerulean imp. Flame seeps out of your guardian golem.
Something barely misses your cerulean imp.
Your guardian golem is engulfed in blazing flames.
Flame seeps out of your guardian golem. The smoke demon closely misses you.
The smoke demon completely misses you. The smoke demon hits you.
Something barely misses your cerulean imp.
Unknown command.
Your cerulean imp hits the orc sorcerer but does no damage.
The smoke demon hits your cerulean imp. Flame seeps out of your guardian golem.
The smoke demon hits your cerulean imp.
Your cerulean imp dies!
Your cerulean imp disappears in a puff of smoke!
The smoke demon closely misses you. The smoke demon misses you. x2
Your guardian golem is engulfed in blazing flames.
Flame seeps out of your guardian golem.
Your warg disappears in a puff of smoke!
Unknown command.
The orc sorcerer hits your guardian golem with a +0 dagger.
Flame seeps out of your guardian golem.
Your lightning spire shoots out a bolt of lightning at the orc sorcerer!
The bolt of electricity misses the orc sorcerer.
Unknown command.
Casting: Summon Guardian Golem (safe; 1% risk of failure)
Confirm with . or Enter, or press ? or * to list all spells.
The smoke demon hits your guardian golem.
Flame seeps out of your guardian golem.
The smoke demon hits your guardian golem.
Your guardian golem disappears in a puff of smoke!
Your guardian golem explodes!
The fiery explosion engulfs the smoke demon!
The smoke demon resists.
The fiery explosion engulfs the orc sorcerer!!
The orc sorcerer dies!
The smoke demon disappears in a puff of smoke! x2
The fiery explosion engulfs you!!!
Ouch! That really hurt!
You die...
Your body crumbles into a pile of gold.

$ $ ####
###.8##
##...$.####
#...§.@##.##
#..§§○°.§..#
#...§#§.h..#
#.....####....#
#....#
#....#...
#.....
#...###....
###.#. ...##
##.. #### #.$##
. ...


You could see a friendly warg (summoned) and a friendly lightning spire
(summoned, sheltered).

Vanquished Creatures
  A two-headed ogre (D:10)
  2 yaks
  An ice beast (D:6)
  A centaur (D:9)
  A kobold brigand (Sewer)
  A bullfrog (D:7)
  A hound (D:6)
  An orc priest (D:11)
  2 iguanas
  An orc wizard (D:4)
  5 adders
  3 gnolls
  A river rat (D:3)
  A white imp (D:7)
  3 ball pythons
  2 endoplasms
  A giant cockroach (D:3)
  3 goblins
  A hobgoblin (D:4)
  A jackal (Sewer)
  5 kobolds
  A quokka (D:3)
  3 bats
  8 frilled lizards
  2 rats
52 creatures vanquished.

Vanquished Creatures (collateral kills)
  Snorg (D:10)
  A vault guard (Bailey)
  2 two-headed ogres
  Nergalle (D:10)
  An orc knight (D:10)
  An orc sorcerer (D:10)
  A manticore (D:11)
  A black mamba (Lair:1)
  4 komodo dragons
  2 trolls
  Grinder (D:6)
  A hornet (D:8)
  Sigmund (D:4)
  2 wyverns (D:9)
  2 shadows
  A wraith (D:8)
  4 basilisks
  6 yaks
  4 humans (Bailey)
  2 vampire mosquitoes (D:11)
  Menkaure (D:6)
  An acid dragon (D:7)
  Duvessa (D:7)
  4 water moccasins (Lair:1)
  3 orc warriors
  2 sky beasts
  An ice beast (D:7)
  3 black bears
  2 centaurs
  A phantom (D:5)
  6 kobold brigands
  10 bullfrogs
  2 wights (D:7)
  9 killer bees (D:8)
  Dowan (D:7)
  2 howler monkeys
  4 hounds
  2 gnoll boudas
  A jelly (D:6)
  4 orc priests
  4 sleepcaps
  Jessica (D:2)
  An iguana (D:5)
  3 orc wizards
  8 gnolls
  5 adders
  4 river rats
  2 white imps
  An ufetubus (D:6)
  2 worms
  28 orcs
  3 endoplasms
  A giant cockroach (D:3)
  10 goblins
  5 hobgoblins
  A jackal (Sewer)
  14 kobolds
  A quokka (D:1)
  5 ball pythons
  2 bats
  8 frilled lizards
  4 rats
212 creatures vanquished.

Vanquished Creatures (others)
  A vault guard (Bailey)
  An orc sorcerer (Orc:1)
  A cane toad (Lair:1)
  A gargoyle (D:11)
  Prince Ribbit (Bailey)
  2 yaks (D:10)
  3 humans (Bailey)
  A basilisk (D:9)
  A vampire mosquito (D:11)
  An orc warrior (D:9)
  A sky beast (D:7)
  A black bear (D:6)
  A wight (D:7)
  2 orc priests (D:9)
  An orc wizard (D:7)
19 creatures vanquished.

Grand Total: 283 creatures vanquished

Notes
Turn   | Place    | Note
-------+----------+-------------------------------------------
     0 | D:1      | monsoonserge the Felid Summoner began the quest for the
                  | Orb.
     0 | D:1      | Reached XP level 1. HP: 7/7 MP: 4/4
   240 | D:2      | Reached XP level 2. HP: 11/11 MP: 6/6
   243 | D:2      | Learned a level 2 spell: Call Imp
   268 | D:2      | Found Faharph's Book Shoppe.
   269 | D:2      | Noticed Jessica
   398 | D:1      | Found a faded altar of an unknown god.
  1345 | D:2      | Reached XP level 3. HP: 15/15 MP: 0/7
  1347 | D:2      | Found an opulent altar of Gozag.
  1353 | D:2      | Became a worshipper of Gozag Ym Sagoz the Greedy
  1358 | D:2      | Learned a level 3 spell: Call Canine Familiar
  1939 | D:2      | Killed Jessica
  2008 | D:2      | Reached XP level 4. HP: 18/18 MP: 6/9
  2283 | D:3      | Reached skill level 1 in Unarmed Combat
  2286 | D:3      | Found a glowing drain.
  2363 | Sewer    | Entered a sewer
  2366 | Sewer    | Noticed a kobold brigand
  2469 | Sewer    | Killed a kobold brigand
  2470 | Sewer    | Reached skill level 5 in Summonings
  2470 | Sewer    | Reached XP level 5. HP: 14/21 MP: 1/10
  2474 | Sewer    | Learned a level 3 spell: Summon Guardian Golem
  2662 | Sewer    | Gained mutation: You are covered in thick fur. (AC +2)
                  | [Felid growth]
  2662 | Sewer    | Reached XP level 6. HP: 9/25 MP: 6/12
  2671 | Sewer    | Reached skill level 1 in Hexes
  2895 | Sewer    | Reached skill level 6 in Summonings
  3553 | D:3      | Found a shimmering altar of Xom.
  4220 | D:4      | Reached XP level 7. HP: 28/28 MP: 13/15
  4236 | D:4      | Learned a level 4 spell: Summon Lightning Spire
  4322 | D:4      | Reached skill level 5 in Spellcasting
  4596 | D:4      | Noticed Sigmund
  4611 | D:4      | Killed Sigmund
  4744 | D:4      | Identified the +0 leather armour of the Alphagorgon {Will+
                  | rCorr Str-4 Int+3}
  4920 | D:4      | Reached skill level 7 in Summonings
  4920 | D:4      | Reached skill level 1 in Air Magic
  5480 | D:5      | Entered Level 5 of the Dungeon
  5626 | D:5      | Reached XP level 8. HP: 24/31 MP: 16/16
  6145 | D:5      | Found an opulent altar of Gozag.
  6410 | D:6      | Found a staircase to the Ecumenical Temple.
  6424 | D:6      | Reached skill level 8 in Summonings
  6433 | Temple   | Entered the Ecumenical Temple
  6877 | D:6      | Reached skill level 1 in Evocations
  7000 | D:6      | Found a glowing silver altar of Zin.
  7002 | D:6      | Found a sacrificial altar of Ru.
  7004 | D:6      | Noticed Grinder
  7024 | D:6      | Reached skill level 1 in Fighting
  7045 | D:6      | Killed Grinder
  7046 | D:6      | Reached skill level 9 in Summonings
  7252 | D:6      | Noticed Menkaure
  7258 | D:6      | Killed Menkaure
  7327 | D:6      | Reached XP level 9. HP: 36/36 MP: 17/17
  7432 | D:6      | Found a stormy altar of Qazlal.
  7435 | D:6      | Found an ornate altar of the Wu Jian Council.
  7437 | D:6      | Found a basalt altar of Yredelemnul.
  7439 | D:6      | Found a shadowy altar of Dithmenos.
  7443 | D:6      | Found a white marble altar of Elyvilon.
  7558 | D:6      | Learned a level 3 spell: Swiftness
  8045 | D:7      | Reached skill level 10 in Summonings
  8081 | D:7      | Noticed Duvessa
  8090 | D:7      | Killed Duvessa
  8093 | D:7      | Noticed Dowan
  8099 | D:7      | Killed Dowan
  8218 | D:7      | Found a bloodstained altar of Trog.
  8658 | D:7      | Found an ancient bone altar of Kikubaaqudgha.
  8813 | D:8      | Noticed a two-headed ogre
  8824 | D:8      | Killed a two-headed ogre
  8825 | D:8      | Reached skill level 11 in Summonings
  8869 | D:8      | Reached XP level 10. HP: 40/40 MP: 10/20
  8912 | D:8      | Found Soskub's Armour Boutique.
  8951 | D:8      | Reached skill level 5 in Air Magic
  8982 | D:8      | Found a runed translucent door.
  8983 | D:8      | Noticed a sixfirhy
  9119 | D:8      | Found a hazy altar of Hepliaklqana.
  9425 | D:9      | Found a flagged portal.
  9457 | Bailey   | Entered a bailey
  9562 | Bailey   | Reached skill level 5 in Fighting
  9725 | Bailey   | Reached skill level 5 in Dodging
  9786 | Bailey   | Noticed Prince Ribbit
  9788 | Bailey   | Noticed a vault guard
  9803 | Bailey   | Killed Prince Ribbit
  9803 | Bailey   | Killed a vault guard
  9804 | Bailey   | Reached skill level 5 in Unarmed Combat
  9809 | Bailey   | Noticed a vault guard
  9823 | Bailey   | Killed a vault guard
  9824 | Bailey   | Reached XP level 11. HP: 49/49 MP: 14/21
 10040 | D:9      | Noticed turdburglar's ghost (novice DsNe)
 10043 | D:9      | Found a runed translucent door.
 10066 | D:9      | Found a staircase to the Lair.
 10505 | D:10     | Entered Level 10 of the Dungeon
 10527 | D:10     | Noticed a two-headed ogre
 10531 | D:10     | Noticed Nergalle
 10759 | D:10     | Found a staircase to the Orcish Mines.
 10776 | D:10     | Killed from afar by Nergalle
 10777 | D:10     | Reached XP level 10. HP: -4/40 MP: 16/20
 10797 | D:10     | Killed a two-headed ogre
 10801 | D:10     | Killed Nergalle
 10882 | D:10     | Found an iron altar of Okawaru.
 10896 | D:10     | Noticed Snorg
 10905 | D:10     | Killed Snorg
 10926 | D:10     | Noticed a two-headed ogre
 10936 | D:10     | Killed a two-headed ogre
 10948 | D:10     | Reached XP level 11. HP: 50/50 MP: 22/22
 11602 | D:11     | Identified the +2 leather armour of Dithmenos's Whim
                  | {Stlth+}
 12250 | Lair:1   | Entered Level 1 of the Lair of Beasts
 12347 | Lair:1   | Slain by a komodo dragon
 12348 | Lair:1   | Reached XP level 10. HP: -3/47 MP: 23/23
 12348 | Lair:1   | Noticed a cane toad
 12413 | Lair:1   | Reached skill level 12 in Summonings
 12413 | Lair:1   | Killed a cane toad
 12895 | Lair:1   | Identified the +1 ring mail of Light {-Tele Int+4 Slay+4
                  | SInv}
 13320 | Lair:2   | Noticed a skyshark
 13338 | Lair:2   | Noticed a seven-headed hydra
 13512 | Orc:1    | Entered Level 1 of the Orcish Mines
 13512 | Orc:1    | Noticed an orc knight
 13512 | Orc:1    | Noticed an orc sorcerer
 13512 | Orc:1    | Noticed an orc sorcerer
 13517 | D:10     | Noticed a soul eater
 13676 | D:10     | Killed an orc sorcerer
 13819 | D:10     | Killed an orc knight
 13820 | D:10     | Reached XP level 11. HP: 50/50 MP: 21/24
 13880 | Orc:1    | Killed an orc sorcerer
 13880 | Orc:1    | Killed by an exploding themself... ignited by their inner
                  | flame

Illustrated notes

Levels and vault maps discovered:
D:1:      lightli_molten_gateway, layout_basic,
          hellmonk_ecumenical_altar_blasted, chequers_serial_rivers_marsh,
          minmay_tetromino_o2
D:2:      layout_basic, serial_shops, nicolae_diamond_shop, basic_altar,
          minmay_lizard_king, uniq_jessica
D:3:      layout_basic, general_overflow_altar, portal_sewer_entry_c
D:4:      minmay_door_path, layout_layer_cave, minmay_misc_feat_tiny,
          uniq_sigmund
D:5:      layout_loops_ring, nicolae_gozag_cash_rules_everything_around_me
D:6:      layout_basic, chequers_temple_overflow_statue_of_worship, minitemple,
          minmay_temple_entry_mist, serial_aquarium, aquarium_bridge_square
          [aquarium_subvault_window, aquarium_subvault_window,
          aquarium_subvault_bridge, aquarium_subvault_bridge],
          aquarium_window_1, aquarium_window_corridor_3, aquarium_window_1,
          aquarium_view_2d, aquarium_balcony_3a, aquarium_pool_split,
          uniq_menkaure, uniq_grinder
D:7:      layout_basic, nicolae_kikubaaqudgha_miasma_corner,
          lightli_temple_of_fire, uniq_duvessa
D:8:      cheibrodos_shockbox, layout_rooms, mainiacjoe_overflow_alcove_2,
          serial_shops, nicolae_shop_rolling_square
D:9:      layout_loops_ring, david_lair_generic, enter_bailey_3,
          hellmonk_ghost_happy_afterlife
D:10:     layout_cave_pools, okawaru_trees_1, orc_0_dummy, uniq_snorg,
          uniq_nergalle
D:11:     layout_loops_ring
Temple:   compressed_dpeg_triangle_lava_temple
Lair:1:   layout_small_grid, grunt_megastairs_5, serial_bayou_shore_b,
          serial_bayou_shore_b, serial_bayou_shore_b
Lair:2:   layout_gridlike, minmay_swamp_entry_worms, spider_nest_entry_rubble,
          disabler_island, grunt_megastairs_3, lemuel_fruit_tree,
          lemuel_fruit_fields
Orc:1:    cheibrodos_orc_bank, layout_diamond_mine

Skill      XL: |  1  2  3  4  5  6  7  8  9 10 11 |
---------------+----------------------------------+-----
Dodging        | 3 4 8 |  8.2
Stealth        | 3 4 |  4.2
Unarmed Combat | 1 2 3 4 6 |  6.4
Spellcasting   | 3 4 5 6 7 8 |  8.0
Summonings     | 5 6 7 9 11 12 | 12.7
Hexes          | 2 3 |  3.0
Air Magic      | 1 2 4 6 |  6.0
Evocations     | 1 3 |  3.0
Fighting       | 1 2 6 7 |  7.5

Action                     |  1- 3 |  4- 6 |  7- 9 | 10-12 || total
---------------------------+-------+-------+-------+-------++-------
  Melee: Unarmed           |    55 |    79 |   107 |    55 ||   296
         Bite              |     5 |     6 |    15 |    10 ||    36
         Punch             |     1 |     3 |     4 |     2 ||    10
   Cast: Summon Small Mamm |    32 |    41 |    44 |    18 ||   135
         Call Imp          |    12 |    18 |    32 |    44 ||   106
         Call Canine Famil |       |     2 |    29 |    45 ||    76
         Summon Guardian G |       |       |     9 |    25 ||    34
         Summon Lightning  |       |       |     1 |    42 ||    43
         Swiftness         |       |       |       |     1 ||     1
  Evoke: Wand              |       |       |       |     1 ||     1
    Use: Scroll            |       |       |     6 |     5 ||    11
   Stab: Sleeping          |     4 |     2 |     3 |     1 ||    10
         Distracted        |     1 |     1 |     1 |     1 ||     4
 Armour: Skin              |     2 |     5 |    12 |     9 ||    28
  Dodge: Dodged            |    58 |    60 |    77 |    94 ||   289
